Cogmind - Beta 13 @@@ ROGUE MODE // 2024.05.28 @ 20:14:12 Player: pakman Result: Destroyed by as-19380 with Assembled Blade Performance ------------- Evolutions (0) 0 Regions Visited (3) 600 Robots Destroyed (43) 215 Value Destroyed (633) 633 Prototype IDs (0) 0 Alien Tech Used (0) 0 Bonus (0) 0 TOTAL SCORE: 1448 Bonus ------- None Cogmind --------- Core Integrity 0/250 Matter 222/300 Energy 125/125 System Corruption 5% Temperature Cool (0) Movement Treading (160) Location -10/Exiles Parts ------- > --- POWER (1) -------- Light Ion Engine > --- PROPULSION (2) --- Light Treads Light Treads > --- UTILITY (2) ------ Large Storage Unit Core Shielding > --- WEAPON (2) ------- Light Assault Rifle Light Cannon (fused) > --- INVENTORY (15) --- Light Ion Engine Light Treads Improved Heat Sink Sensor Array Signal Interpreter Improved Terrain Scanner Improved Terrain Scanner ECM Suite Bomb Drone Bay Particle Gun Beamcaster Light Assault Rifle Grenade Launcher Mining Laser Peak State ------------ > --- POWER ------------ Light Ion Engine > --- PROPULSION ------- Light Treads Light Treads > --- UTILITY ---------- Large Storage Unit Seismic Detector > --- WEAPON ----------- EM Shotgun Grenade Launcher > --- INVENTORY -------- Light Ion Engine Light Ion Engine Light Treads Light Treads Light Treads Light Treads Improved Heat Sink Sensor Array Signal Interpreter Improved Terrain Scanner Core Shielding Particle Gun Light Assault Rifle Light Cannon Mining Laser [Rating: 10] Favorites ----------- Power Light Ion Engine Engine Light Ion Engine Propulsion Light Treads Treads Light Treads Utility Large Storage Unit Device Seismic Detector Storage Large Storage Unit Protection Core Shielding Weapon Light Assault Rifle Energy Gun EM Shotgun Ballistic Gun Light Assault Rifle Ballistic Cannon Light Cannon Launcher Grenade Launcher Special Weapon Mining Laser Build | -11 -10 -10 -10 ------- Run | Yrd Mat Min Exi Slots Evolved . | . . . . Power . | . . . . Propulsion . | . . . . Utility . | . . . . Weapon . | . . . . Parts Attached 35 | 8 16 11 . Power 5 | 1 2 2 . Engine 5 | 1 2 2 . Core . | . . . . Reactor . | . . . . Propulsion 6 | 2 1 3 . Treads 6 | 2 1 3 . Leg . | . . . . Wheel . | . . . . Hover . | . . . . Flight . | . . . . Utility 4 | 2 1 1 . Device 1 | 1 . . . Storage 2 | 1 1 . . Processor . | . . . . Hackware . | . . . . Protection 1 | . . 1 . Artifact . | . . . . Weapon 20 | 3 12 5 . Energy Gun 6 | 1 4 1 . Energy Cannon . | . . . . Ballistic Gun 6 | 2 3 1 . Ballistic Cannon 2 | . 1 1 . Launcher 3 | . 1 2 . Special Weapon 3 | . 3 . . Impact Weapon . | . . . . Slashing Weapon . | . . . . Piercing Weapon . | . . . . Special Melee Weapon . | . . . . Unidentified Prototypes . | . . . . Parts Lost 8 | . 1 7 . Power 3 | . 1 2 . Propulsion 2 | . . 2 . Utility 1 | . . 1 . Weapon 2 | . . 2 . Highest Loss Streak 6 | . 1 6 . To Critical Strikes . | . . . . Average Slot Usage (%) 99 | . 99 99 100 Engine 13 | . 13 13 14 Treads 28 | . 28 28 28 Device 6 | . 14 . . Storage 14 | . 14 14 14 Protection 7 | . . 13 14 Energy Gun 4 | . 9 . . Ballistic Gun 13 | . 12 13 14 Ballistic Cannon 8 | . 3 13 14 Naked Turns . | . . . . Heaviest Build 30 | 12 30 28 28 Greatest Support 40 | 40 40 40 40 Greatest Overweight (x) . | . . . . Average Overweight (x) . | . . . . Largest Inventory Capacity 15 | 8 15 15 15 Average Capacity 14 | 7 14 15 15 Most Carried 15 | 5 15 15 15 Average Carried 12 | 2 12 13 15 Final Capacity 15 | 8 15 15 15 Final Carried 15 | 5 15 15 15 Class Distribution -------------------- 100% | Mutant Dominant Class ---------------- Mutant | -10/Materials Mutant | -10/Mines Mutant | -10/Exiles Resources | -11 -10 -10 -10 ----------- Run | Yrd Mat Min Exi Matter Collected 1071 | 307 367 397 . Remotely . | . . . . Salvage Created 1228 | 157 618 453 . Parts 84 | 11 43 30 . Haulers Intercepted 2 | . 2 . . Recyclers Shooed . | . . . . Parts Field Recycled . | . . . . Retrieved Matter . | . . . . Parts Self-Destructed . | . . . . Prevented . | . . . . Kills | -11 -10 -10 -10 ------- Run | Yrd Mat Min Exi Combat Hostiles Destroyed 27 | . 16 11 . Guns 12 | . 9 3 . Cannons 5 | . 4 1 . AOE 10 | . 3 7 . Classes Destroyed 9 | 3 5 1 . Worker 5 | 1 . 4 . Tunneler 3 | 2 . 1 . Hauler 2 | . 2 . . Recycler 6 | 1 . 5 . Operator 1 | . 1 . . Watcher 3 | . 3 . . Swarmer 13 | . 6 7 . Grunt 10 | . 10 . . Assembled 4 | . . 4 . Best Kill Streak 5 | 2 4 5 . Combat Bots Only 4 | . 3 4 . Max Kills in Single Turn 3 | 1 3 2 . Gunslinging . | . . . . Exploded 3 | . 3 1 . Melee . | . . . . Uniques/NPCs Destroyed . | . . . . Combat | -11 -10 -10 -10 -------- Run | Yrd Mat Min Exi Hostile Shots Fired 140 | . 66 66 8 Missed 39 | . 17 22 . Damage Taken 1443 | . 493 751 199 Core 274 | . 78 110 86 Absorbed by Shields . | . . . . Redirected to Shielding 29 | . . 9 20 Regen/Repaired (Parts) 78 | . 78 . . Core Remaining (%) 100 | 100 . . . Volleys Fired 115 | 9 62 43 1 Largest 2 | 2 2 2 2 Hottest 100 | 60 100 65 55 Shots Fired 210 | 18 113 76 3 Gun 137 | 18 81 37 1 Cannon 51 | . 20 29 2 Launcher 11 | . 1 10 . Special 11 | . 11 . . Kinetic 145 | 9 70 63 3 Thermal 28 | 9 19 . . Explosive 11 | . 1 10 . Electromagnetic 26 | . 23 3 . Robot Hit Streak 14 | 14 10 9 4 Robot Miss Streak 5 | 1 5 4 1 Penetration Max . | . . . . Secondary Targets 1 | . 1 . . Max Gunslinging Chain 1 | . 1 . . Shots Hit Robots 121 | 16 60 44 1 Core Hits 75 | 5 35 35 . Critical Kills . | . . . . Critical Parts Destroyed . | . . . . Critical Strikes 4 | . 1 3 . Blast 3 | . . 3 . Corrupt 1 | . 1 . . Melee Attacks . | . . . . Impact . | . . . . Slashing . | . . . . Piercing . | . . . . Sneak Attacks . | . . . . Combat Hostiles . | . . . . Follow-up Attacks . | . . . . Damage Inflicted 2061 | 181 883 991 6 Guns 1027 | 181 646 194 6 Cannons 497 | . 171 326 . Explosions 537 | . 66 471 . Melee . | . . . . Ramming . | . . . . Kinetic 1112 | 91 524 491 6 Thermal 168 | 90 78 . . Explosive 537 | . 66 471 . Electromagnetic 244 | . 215 29 . Impact . | . . . . Slashing . | . . . . Piercing . | . . . . Highest Corruption 5 | . 5 5 5 Average Corruption 4 | . 4 5 5 Corruption Purged . | . . . . Corruption Blocked . | . . . . Effects 58 | . 10 32 16 Message Errors 12 | . 2 7 3 Matter Fused 18 | . 1 10 7 Heat Flow Errors 4 | . 2 . 2 Energy Discharges 8 | . 1 6 1 Parts Fused 2 | . . 2 . Data Loss (minor) 6 | . 2 3 1 Data Loss (major) 3 | . 1 1 1 Misfires 3 | . 1 1 1 Alerts 1 | . . 1 . Weapon Failures 1 | . . 1 . Overload Shots . | . . . . Overflow Damage 18 | . 9 9 . Projectiles 9 | . 9 . . Explosions 9 | . . 9 . Melee . | . . . . Knockbacks 6 | . 2 4 . Impact . | . . . . Kinetic 6 | . 2 4 . Secondary . | . . . . Self-Inflicted Damage 142 | . . 142 . Shots 4 | . . 4 . Rammed . | . . . . Targets Rammed . | . . . . Kicked . | . . . . Crushed . | . . . . Highest Temperature 192 | . 192 28 176 Average Temperature 29 | . 30 11 79 Received Heat Transfer 208 | . 168 20 20 Siege Activations . | . . . . Robots Corrupted . | . . . . Combat Hostiles . | . . . . Parts Fried . | . . . . Impact Corruptions . | . . . . Robots Melted . | . . . . Combat Hostiles . | . . . . Parts Melted . | . . . . Heat Transferred 375 | 200 175 . . Parts Sabotaged . | . . . . Parts Stolen . | . . . . Parts Stripped . | . . . . Power Chain Reactions . | . . . . Alert | -11 -10 -10 -10 ------- Run | Yrd Mat Min Exi Peak Influence 220 | 20 220 136 . Initial 39 | . 13 39 . Average 62 | 7 86 35 . Maximum Alert Level 1 | . 1 . . Low Security (%) 99 | 100 99 100 . Level 1 . | . . . . Level 2 . | . . . . Level 3 . | . . . . Level 4 . | . . . . Level 5 . | . . . . High Security . | . . . . Max Security . | . . . . Squads Dispatched 4 | . 4 . . Investigation 1 | . 1 . . Extermination . | . . . . Reinforcement 3 | . 3 . . Assault . | . . . . Garrison . | . . . . Intercept . | . . . . Searches Triggered . | . . . . Construction Impeded . | . . . . Haulers Reinforced . | . . . . Active Scanning Responses . | . . . . Cargo Convoy Interrupts . | . . . . Stealth | -11 -10 -10 -10 --------- Run | Yrd Mat Min Exi Distress Signals 2 | . 2 . . Communications Jammed . | . . . . Distress Signals . | . . . . Times Spotted 50 | . 22 21 7 Peak Tracking Total 14 | . 4 14 11 Tactical Retreats 3 | . . 2 1 Traps | -11 -10 -10 -10 ------- Run | Yrd Mat Min Exi Traps Triggered 2 | . 2 . . Indirectly . | . . . . Trap Hack Attempts . | . . . . Triggered . | . . . . Disarmed . | . . . . Reprogrammed . | . . . . Reused . | . . . . Traps Extracted . | . . . . Installed . | . . . . Triggered . | . . . . Machines | -11 -10 -10 -10 ---------- Run | Yrd Mat Min Exi Machines Disabled 3 | . 2 . 1 Max in Single Turn 1 | . 1 . 1 Machines Repaired . | . . . . Machines Dismantled . | . . . . Machines Sabotaged . | . . . . Overloaded Fab Kills . | . . . . Hacking | -11 -10 -10 -10 --------- Run | Yrd Mat Min Exi Machines Accessed 9 | . 8 1 . Terminals 5 | . 5 . . Fabricators . | . . . . Repair Stations 1 | . 1 . . Recycling Units 2 | . 2 . . Scanalyzers . | . . . . Garrison Access . | . . . . Total Hacks 23 | . 22 1 . Successful 14 | . 13 1 . Failed 9 | . 9 . . Catastrophic . | . . . . Database Lockouts . | . . . . Manual 10 | . 10 . . Terminals 14 | . 14 . . Fabricators . | . . . . Repair Stations 3 | . 3 . . Recycling Units 5 | . 5 . . Scanalyzers . | . . . . Garrison Access . | . . . . Terminal Hacks 6 | . 5 1 . Open Door 1 | . . 1 . Terminal Index 1 | . 1 . . Dispatch Records 1 | . 1 . . Security Status 1 | . 1 . . Hauler Manifests 1 | . 1 . . Zone Layout 1 | . 1 . . Fabricator Hacks . | . . . . Repair Station Hacks 2 | . 2 . . Scan Component 1 | . 1 . . Repair 1 | . 1 . . Recycling Unit Hacks 2 | . 2 . . Report Inventory 1 | . 1 . . Retrieve Components 1 | . 1 . . Scanalyzer . | . . . . Garrison Access Hacks . | . . . . Unauthorized Hacks 4 | . 4 . . Terminals 4 | . 4 . . Botnet 4 | . 4 . . Fabricators . | . . . . Repair Stations . | . . . . Recycling Units . | . . . . Scanalyzers . | . . . . Garrison Access . | . . . . Data Cores Recovered 1 | . 1 . . Used . | . . . . Hacking Detections 8 | . 8 . . Full Trace Events 2 | . 2 . . Feedback Events 1 | . 1 . . Corruption 1 | . 1 . . Feedback Blocked . | . . . . Robot Schematics Acquired . | . . . . Robots Built . | . . . . Authchips . | . . . . Time . | . . . . Total Robot Build Rating . | . . . . Part Schematics Acquired . | . . . . Parts Built . | . . . . Authchips . | . . . . Time . | . . . . Total Part Build Rating . | . . . . Parts Repaired 1 | . 1 . . Time 26 | . 26 . . Parts Recycled . | . . . . Recycled Matter . | . . . . Retrieved Matter . | . . . . Retrieved Components 5 | . 5 . . Parts Scanalyzed . | . . . . Part Schematics Acquired . | . . . . Parts Damaged . | . . . . Bothacking | -11 -10 -10 -10 ------------ Run | Yrd Mat Min Exi Used RIF Installer . | . . . . Robots Hacked . | . . . . Non-combat . | . . . . Combat . | . . . . Robot Hacks Applied . | . . . . Relay Couplers Released . | . . . . Fabnet Peak Effective % . | . . . . Robots Rewired . | . . . . Allies Hacked . | . . . . Hacks Repelled . | . . . . Allies | -11 -10 -10 -10 -------- Run | Yrd Mat Min Exi Total Allies . | . . . . Largest Group . | . . . . Highest-Rated Group . | . . . . Highest-Rated Ally . | . . . . Total Orders . | . . . . Ally Attacks . | . . . . Total Damage . | . . . . Kills . | . . . . Allies Corrupted . | . . . . Allies Melted 1 | . . 1 . Intel | -11 -10 -10 -10 ------- Run | Yrd Mat Min Exi Robot Analysis Total . | . . . . Derelict Logs Recovered 3 | . . 3 . Drone Launches . | . . . . Drone Recoveries . | . . . . Exploration | -11 -10 -10 -10 ------------- Run | Yrd Mat Min Exi Turns Passed 3676 | 131 1715 1212 618 Spaces Moved 1983 | 59 884 656 384 Core 5 | 5 . . . Treads 1978 | 54 884 656 384 Legs . | . . . . Wheels . | . . . . Hover . | . . . . Flight . | . . . . Fastest Speed 50 | 50 160 160 160 Average Speed 159 | 150 160 160 160 Slowest Speed 160 | 160 160 160 160 Overloaded Moves . | . . . . Propulsion Burnouts . | . . . . Robots Hopped . | . . . . Cave-ins Triggered . | . . . . Exploration Rate (%) 68 | 4 97 94 80 Regions Visited 3 Branch Regions 2 Pre-discovered Areas . | . . . . Known Exits Taken . | . . . . Unknown Exits Taken 3 | 1 1 1 . Scrap Searched 1 | . . 1 . Spaces Dug 10 | . 10 . . Terrain Destroyed 96 | . 20 76 . Melee . | . . . . Projectile 11 | . 11 . . AOE 85 | . 9 76 . Terrain Rammed . | . . . . Walls Destroyed . | . . . . Machines Disabled . | . . . . Actions | -11 -10 -10 -10 --------- Run | Yrd Mat Min Exi Total 2262 | 79 1050 748 385 Wait 98 | . 67 31 . Move 1980 | 58 883 655 384 Hop . | . . . . Pick Up 27 | 4 16 7 . Fast Attach 8 | 7 1 . . Attach 9 | . 2 7 . Detach . | . . . . Swap 18 | 1 13 4 . Drop 7 | . 6 1 . Fire 115 | 9 62 43 1 Melee . | . . . . Ram . | . . . . Kick . | . . . . Crush . | . . . . Escape Stasis . | . . . . Rewire . | . . . . Trap . | . . . . Miscellaneous . | . . . . Route ------- -11/Scrapyard -10/Materials (discovered 4 exits: [*Mat x3] / *Min) -10/Mines (discovered 3 exits: [*Mat x2] / *Exi) -10/Exiles (discovered 2 exits: [*Min x2]) History --------- Turn | Location | Event 7 | -11/Scrapyard | Discovered new exit (range 14) 132 | -11/Scrapyard | Entered Materials 234 | -10/Materials | Discovered new exit (range 15) 315 | -10/Materials | Build established: Mutant 569 | -10/Materials | Discovered new exit (range 5) 772 | -10/Materials | Discovered new exit (range 11) 1178 | -10/Materials | Discovered new exit (range 7) 1654 | -10/Materials | Repaired Lgt. Treads 1847 | -10/Materials | Entered Mines 1848 | -10/Mines | Assembled infested the area 1851 | -10/Mines | Met a Derelict bent on vengeance 1853 | -10/Mines | Assisted by a Guerilla fighting off Assembled 1872 | -10/Mines | Core integrity fell below 50% 1878 | -10/Mines | Learned Materials trap positions 1922 | -10/Mines | Lost 6 parts (1p2n1u2w) 2225 | -10/Mines | Learned 4 Materials zone layouts 2257 | -10/Mines | Found the Drone Emporium 2262 | -10/Mines | Found Prototype Device 2319 | -10/Mines | Deemed a non-threat by the Exiles lab entrance 2321 | -10/Mines | Discovered new exit (range 5) 2652 | -10/Mines | Discovered new exit (range 5) 2736 | -10/Mines | Discovered new exit (range 10) 3059 | -10/Mines | Entered Exiles 3082 | -10/Exiles | Discovered new exit (range 15) 3122 | -10/Exiles | Met 8R-AWN 3147 | -10/Exiles | Met EX-HEX 3216 | -10/Exiles | Met EX-DEC 3297 | -10/Exiles | Visited The Gauntlet 3549 | -10/Exiles | Discovered new exit (range 14) 3662 | -10/Exiles | Attacked by the Exiles 3675 | -10/Exiles | Core integrity fell below 20% 3677 | -10/Exiles | Destroyed by as-19380 with Assembled Blade Last Messages --------------- 03234_ Connecting with EX-Message Board... 03234_ Current location identified: Exiles 03246_ System corrupted: Matter fused (-10). 03283_ System corrupted: Heat flow error (+174). 03331_ System corrupted: Matter fused (-5). 03374_ System corrupted: Substantial component data lost. 03455_ 2:SLQ8OS%CWTOSNXY|MYKJH #XQOUJUMDYAPE 03476_ System corrupted: Matter fused (-9). 03501_ System corrupted: Matter fused (-6). 03526_ System corrupted: Energy discharge (-35). 03546_ System corrupted: Matter fused (-7). 03549_ EXIT=FOUND 03601_ System corrupted: Component data lost. 03616_ System corrupted: Matter fused (-8). 03661_ System corrupted: FCS attempts to trigger Lgt. Cannon. 03661_ System corrupted: Lgt. Cannon misfires. 03661_ Machine disabled. 03662_ EXILES: Hostile robot within lab perimeter. Defensive protocols time, folks! 03664_ EX-BIN: "I just want to science!" Map ----- +----------------------------------------------------+ | ?????????????????????????????????????????????????? | | ?????????????????????????????????????????????????? | | ?????????????????????????????????????????????????? | | ?????????????????????????????????????????????????? | | ?????????????????????????????????????????????????? | | ????????????????????????????? ???????????????? | | ##??????????????????????????" ?????????????? | | "#??????????????????????????" ??????????? | | "#??????????????????????????" ????????? | | "#??????????????????????????" ????????? | | "#??????????########????????" ????????? | | "#??????????# """#????????" ?????????? | | "#??????????#"" """#????????# ??????????? | | ????????????#"" #????????# ???????????? | | ????????????#"" #????????#" ????????????? | | #???????????#"" "#????????#" ?????????????? | | #???????????# ""#????????#" ??????????????? | | ###?????????#"" ""#???????##" #??????????????? | | ##????????### ###??????##"" #??????????????? | | ######???### ###?######"" #??????????????? | | """#####X# #"###""""""" ##?????????????? | | """""" " "" ##???########## | | "" """ " #####""""""""" | | " " " """ """ | | ## aa "" " | | ?### @aca a " " | | ???## a " | | ????## % " | | ?????##" | | ??????#""" " """" | | ?????##" ######""" | | ?????#"" ""##????#####""" | | ????##""" """##?????????##""" | | ????#""" """##???????????#"""" | | ????#""" ""#????????????#"" | | ????#"" ###?####?????#"""" | | ????#""" ## ###??"" | | ????#"" """" | | ????##"" | | ?????#"""" | | ?????## " | | ??????#" " "" """ | | ??????#"""" ""## ##""" " " ""#" | | ??????#"" ""###?????####""" """##""" | | ??????#" """"##??????????###""""#?#### | | ??????#""" """#?????????????####??????? | | ??????## ""##???????????????????????? | | ???????#"" """##????????????????????????? | | ???????##""" ##?????????????????????????? | | ????????##"""" ##??????????????????????????? | +----------------------------------------------------+ Best States ------------- Heat Dissipation 25 Energy Generation 10 Energy Capacity 125 Matter Stores 300 Matter Capacity 300 Sight Range 16 Terrain Scan Density 10 Core Shielding 20 Evasion (%) 40 Recoil Reduction 2 Item Schematics ----------------- None Robot Schematics ------------------ None Fabricated ------------ Nothing Alien Tech Used ----------------- None Achievements -------------- None Challenges ------------ None Game ------ Seed ZioniteTiamatPenetrator Manual? 0 Play Time 00:35:13 Cumulative 26.2 hours Start 2024.05.28 @ 19:40:47 End 2024.05.28 @ 20:14:12 Sessions 3 Manual Loads 0 Difficulty Rogue Special Mode None Game No. 33 Rogue 33 Adventurer 0 Explorer 0 Win Type - Total 0 Types 0/0/0/0/0/0/0/0/0 Lore% 21 Gallery% 22 Achievement% 20 Wizard Run 0 Options --------- Layout 0 ASCII 0 Keyboard 1 Movement Numpad Keybinds 0 Fullscreen 2 Font 18/SmallcapsGlow Map View 76x50 Zoom Use 0% Tactical HUD 1 Map Filters NONE Filters NONE Steam 1 RUN: 70726a3a-a11d-45f1-aa22-0a76162f942b